 Dungeon Crawl Stone Soup version 0.30-a0-913-g9934a0ce24 (webtiles) character file.

Game seed: 6880889676341539699

257 Iniera the Chiller (level 5, -2/28 HPs)
             Began as a Deep Elf Ice Elementalist on Mar 19, 2023.
             Slain by Pikel
             ... wielding a +0 whip of flaming
              (7 damage)
             ... on level 4 of the Dungeon.
             The game lasted 00:08:45 (3302 turns).

Iniera the Chiller (Deep Elf Ice Elementalist)      Turns: 3302, Time: 00:08:46

Health: -2/28      AC:  3    Str: 11    XL:     5   Next: 93%
Magic:  0/14       EV: 12    Int: 22    God:
Gold:   140        SH:  0    Dex: 15    Spells: 3/14 levels left

rFire   . . .      SeeInvis .    d - +2 short sword (vamp)
rCold   . . .      Faith    .    (no shield)
rNeg    . . .      Spirit   .    a - +0 robe
rPois   +          Reflect  .    (no helmet)
rElec   .          Rampage  .    (no cloak)
rCorr   .                        (no gloves)
Will    .....                    h - +0 pair of boots
Stlth   ++                       (no amulet)
HPRegen 0.24/turn                e - ring of poison resistance
MPRegen 0.14/turn                l - +6 ring of strength

@: no status effects
A: no striking features
a: no special abilities


You were on level 4 of the Dungeon.
You visited 1 branch of the dungeon, and saw 4 of its levels.

You collected 140 gold pieces.

Inventory:

Hand Weapons
 d - a +2 vampiric short sword (weapon)
Armour
 a - a +0 robe (worn)
 h - a +0 pair of boots (worn)
 i - a +0 buckler
Jewellery
 e - a ring of poison resistance (left hand)
 l - a +6 ring of strength (right hand)
 n - a ring of ice
Scrolls
 j - a scroll of magic mapping
 k - 4 scrolls of poison
 m - a scroll of fear
 q - a scroll of identify
 t - a scroll of teleportation
Potions
 b - 3 potions of magic
 c - 2 potions of curing {unknown}
 f - a potion of cancellation {unknown}
 g - a potion of lignification {unknown}
 o - 2 potions of might {unknown}
 p - 2 potions of haste {unknown}
 r - a potion of mutation {unknown}
 s - a potion of flight {unknown}
 u - a potion of brilliance {unknown}


   Skills:
 - Level 2.4 Dodging
 - Level 2.4 Stealth
 + Level 5.1 Spellcasting
 + Level 1.7 Summonings
 * Level 6.7 Ice Magic


You had 3 spell levels left.
You knew the following spells:

 Your Spells              Type           Power      Damage    Failure   Level
a - Freeze                Ice            100%       1d10      1%          1
b - Frozen Ramparts       Ice            70%        1d11      1%          3
c - Ozocubu's Armour      Ice            35%        N/A       1%          3
d - Summon Ice Beast      Ice/Summ       24%        N/A       17%         4

Your spell library contained the following spells:

 Spells                   Type           Power      Damage    Failure   Level


Dungeon Overview and Level Annotations

Branches:
Dungeon (4/15)
 Temple: D:4-7

Altars:
Makhleb
Xom

Shops:
D:1 (

Annotations:
D:4 Pikel


Message History

Pikel closely misses you.
Casting: Freeze (safe; 1% risk of failure)
Confirm with . or Enter, or press ? or * to list all spells.
Aiming: Freeze (safe; 1% risk of failure)
Press: ? - help, Shift-Dir - straight line, f/p - Pikel
Aim: Pikel, wielding a +0 whip of flaming and wearing a +2 robe of cold resistance (heavily wounded)
You freeze Pikel.
Pikel resists.
Pikel is severely wounded.
Pikel barely misses you. Pikel attacks as you move away!
Pikel hits you with a +0 whip of flaming!
* * * LOW HITPOINT WARNING * * *
Pikel burns you.
* * * LOW HITPOINT WARNING * * *
Pikel attacks as you move away! Pikel closely misses you.
Found 5 poisoned darts.
Pikel attacks as you move away! Pikel closely misses you.
Casting: Freeze (safe; 1% risk of failure)
Confirm with . or Enter, or press ? or * to list all spells.
Aiming: Freeze (safe; 1% risk of failure)
Press: ? - help, Shift-Dir - straight line, f/p - Pikel
Aim: Pikel, wielding a +0 whip of flaming and wearing a +2 robe of cold resistance (severely wounded)
You freeze Pikel but do no damage.
Pikel completely resists.
Pikel barely misses you. Pikel attacks as you move away!
Pikel closely misses you.
You hear the slow rusting of a distant drain.
The lemure attacks as you move away! The lemure barely misses you.
Pikel attacks as you move away! Pikel barely misses you.
Pikel attacks as you move away! Pikel closely misses you.
Casting: Freeze (safe; 1% risk of failure)
Confirm with . or Enter, or press ? or * to list all spells.
Aiming: Freeze (safe; 1% risk of failure)
Press: ? - help, Shift-Dir - straight line, f/p - Pikel
Aim: Pikel, wielding a +0 whip of flaming and wearing a +2 robe of cold resistance (severely wounded)
You freeze Pikel.
Pikel resists.
Pikel is severely wounded.
Pikel completely misses you. Pikel attacks as you move away!
Pikel hits you with a +0 whip of flaming!
You die...

..##...................#
.#
##..................#.#
# ##...######...........
#..##. ##.........
#..#.# #.......# ##.#.#
#......## #.#.# #5.....#
#.#.# #K.....# #.#.##
##@.<.###
#.##.####..####
#...))....## ######.####
#.# ..# #..# #.## #.


You could see Pikel and a lemure.

Vanquished Creatures
  3 lemures (D:4)
  3 orc priests (D:4)
  2 orc wizards (D:3)
  An adder (D:3)
  A worm (D:3)
  2 dart slugs
  11 orcs
  9 endoplasms
  6 giant cockroaches
  9 goblins
  12 hobgoblins
  A jackal (D:3)
  2 quokkas (D:1)
  8 ball pythons
  5 bats
  6 frilled lizards
  5 kobolds
  8 rats
94 creatures vanquished.

Vanquished Creatures (others)
  8 fungi (D:3)
  3 toadstools (D:3)
11 creatures vanquished.

Grand Total: 105 creatures vanquished

Notes
Turn   | Place    | Note
-------+----------+-------------------------------------------
     0 | D:1      | Iniera the Deep Elf Ice Elementalist began the quest for
                  | the Orb.
     0 | D:1      | Reached XP level 1. HP: 10/10 MP: 6/6
   375 | D:1      | Reached XP level 2. HP: 15/15 MP: 6/8
   558 | D:1      | Reached skill level 5 in Ice Magic
   675 | D:1      | Found Rur Duod's Weapon Emporium.
   923 | D:1      | Reached XP level 3. HP: 19/19 MP: 8/10
  1007 | D:1      | Learned a level 3 spell: Frozen Ramparts
  1011 | D:1      | Learned a level 3 spell: Ozocubu's Armour
  1625 | D:2      | Identified the +2 falchion "Bekhlock" {flame, rC+ Str-3
                  | Int+3 Stlth+}
  1890 | D:2      | Found a faded altar of an unknown god.
  2143 | D:3      | Found a shimmering altar of Xom.
  2151 | D:3      | Reached XP level 4. HP: 20/24 MP: 8/12
  2211 | D:3      | Learned a level 4 spell: Summon Ice Beast
  2332 | D:3      | Reached skill level 6 in Ice Magic
  2472 | D:3      | Reached XP level 5. HP: 21/28 MP: 9/13
  2606 | D:3      | Identified the +3 whip of Mouw {chaos, rC+ Will+ Dex+2
                  | Stlth-}
  2804 | D:3      | Found a burning altar of Makhleb.
  2975 | D:3      | Reached skill level 1 in Summonings
  3160 | D:4      | Reached skill level 5 in Spellcasting
  3256 | D:4      | Noticed a lemure
  3257 | D:4      | Noticed Pikel
  3260 | D:4      | Noticed a lemure
  3261 | D:4      | Noticed a lemure
  3263 | D:4      | Noticed a lemure
  3270 | D:4      | Killed a lemure
  3274 | D:4      | Killed a lemure
  3278 | D:4      | Killed a lemure
  3285 | D:4      | HP: 1/28 [Pikel/+0 whip of flaming (2)]
  3302 | D:4      | Slain by Pikel

Illustrated notes

Levels and vault maps discovered:
D:1:      ncdulo_smallfort, layout_basic, serial_shops, nicolae_square_shop
D:2:      layout_loops_ring, shapermc_ecumenical_altar_hornbeckon, nrook_uturn,
          minmay_randomly_rotated_circles
D:3:      layout_loops_corners, lemuel_tele_altar, xom_confusion_cloud,
          st_stairs_3, minmay_gold_behind_fungi
D:4:      minmay_wonky_spiral, layout_cave_pods,
          mainiacjoe_overflow_tiny_flanked, chei_slow_surprise,
          cheibrodos_sewer_entry_drain, serial_rivers,
          chequers_serial_rivers_micro_a, chequers_serial_rivers_room_a,
          chequers_serial_rivers_micro_a, chequers_serial_rivers_large_a,
          chequers_serial_rivers_micro_c, nicolae_shop_i_like_big_books,
          uniq_sigmund, uniq_pikel

Skill      XL: |  1  2  3  4  5 |
---------------+----------------+-----
Ice Magic      | 5 6 |  6.7
Spellcasting   | 4 5 |  5.1
Summonings     | 1 |  1.7
Dodging        | |  2.4
Stealth        | |  2.4

Action                     |  1- 3 |  4- 6 || total
---------------------------+-------+-------++-------
  Melee: Unarmed           |     1 |       ||     1
         Short sword       |    22 |    15 ||    37
   Cast: Freeze            |    55 |    34 ||    89
         Frozen Ramparts   |     3 |     5 ||     8
         Summon Ice Beast  |       |     2 ||     2
         Ozocubu's Armour  |       |     1 ||     1
    Use: Scroll            |     7 |       ||     7
   Stab: Sleeping          |     5 |     2 ||     7
 Armour: Robe              |     9 |     5 ||    14
  Dodge: Dodged            |    32 |    30 ||    62

Table legend: (Time is in decaauts)
 A = Elapsed time spent in this place.
 B = Non-inter-level travel time spent in this place.
 C = Inter-level travel time spent in this place.
 D = Time resting spent in this place.
 E = Time spent auto-exploring this place.
 F = Levels seen in this place.
 G = Mean time per level.
                   A        B        C        D        E       F      G
               +--------+--------+--------+--------+--------+-----+--------+
         Total |   3309 |   3243 |     66 |      5 |   2675 |   4 |  827.2 |
       Dungeon |   3309 |   3243 |     66 |      5 |   2675 |   4 |  827.2 |
               +--------+--------+--------+--------+--------+-----+--------+

Top non-repeatable levels by time:
     D:3: 1134 daAuts
     D:1: 1071 daAuts
     D:2: 941 daAuts
     D:4: 162 daAuts
